 Dungeon Crawl Stone Soup version 0.32-a0-128-g77eb882913 (webtiles) character file.

Game seed: 1540210580113696869

193 Nattfarinn the Changeling (level 5, -3/38 HPs)
             Began as a Merfolk Shapeshifter on Feb 8, 2024.
             Slain by a kobold brigand
             ... wielding a +0 short sword
              (9 damage)
             ... on level 3 of the Dungeon.
             The game lasted 00:03:16 (2886 turns).

Nattfarinn the Changeling (Merfolk Shapeshifter)    Turns: 2886, Time: 00:03:18

Health: -3/38      AC:  0    Str: 13 (16) XL:     5   Next: 72%
Magic:  5/5        EV: 16    Int:  7 (10) God:
Gold:   135        SH:  0    Dex: 11 (13) Spells: 4/4 levels left

rFire   . .          .
                       - Unarmed
rCold   . . .        (shield currently unavailable)
rNeg    . . .        a - melded +0 animal skin
rPois   .            (no helmet)
rElec   .            (no cloak)
rCorr   .            (no gloves)
SInv    .            (no boots)
Will    .....        (no amulet)
Stlth   +            (no ring)
HPRegen 0.26/turn    (no ring)
MPRegen 0.09/turn

%: no passive effects
@: lethally poisoned (-3 -> -4), flux-form, slowed, glowing, very slow
A: glow, contaminating, (nimble swimmer 2), mertail
a: Begin Untransformation


You were on level 3 of the Dungeon.
You were something dangerously unstable.
You visited 1 branch of the dungeon, and saw 3 of its levels.

You collected 135 gold pieces.

Inventory:

Armour
 a - a +0 animal skin (melded)
Talismans
 c - a beast talisman
 d - a flux talisman (active)
Scrolls
 e - 2 scrolls of noise {unknown}
 f - 2 scrolls of teleportation {unknown}
 g - a scroll of torment {unknown}
 h - a scroll of silence {unknown}
 i - a scroll of fog {unknown}
 j - 2 scrolls of identify {unknown}


   Skills:
 * Level 2.2 Fighting
 - Level 2.6 Dodging
 + Level 3.5 Unarmed Combat
 - Level 7.1 Shapeshifting


You had 4 spell levels left.
You didn't know any spells.
Your spell library contained the following spells:

 Spells                   Type           Power      Damage    Failure   Level
 Jinxbite                 Hex            0%         N/A       56%         2
 Vhi's Electric Charge    Tloc/Air       0%         N/A       99%         4
 Arcjolt                  Conj/Air       0%         1d10      100%        5
 Yara's Violent Unravell  Hex/Alch       0%         3d3       100%        5
 Plasma Beam              Fire/Air       0%         2x1d10    100%        6
 Enfeeble                 Hex            0%         N/A       100%        7


Dungeon Overview and Level Annotations

Branches:
Dungeon (3/15)

Altars:


Innate Abilities, Weirdness & Mutations

You are something dangerously unstable.
You glow with magical radiation, making you easy to see and hit.
Foes you strike become dangerously contaminated with magical radiation.
You are incapable of wielding weapons or throwing items.
((You are very nimble when in or above water. (Stealth+, EV+, Speed+++)))
Your lower body shifts to a powerful aquatic tail in water.


Message History

You hit the adder.
You kill the adder!
No target in view!
You see here an adder corpse.
Found a sling.
A kobold brigand comes into view.
It is wielding a +0 short sword and quivering curare-tipped darts.
The kobold brigand shouts!
The kobold brigand throws a curare-tipped dart.
The curare-tipped dart closely misses you.
The kobold brigand throws a curare-tipped dart.
The curare-tipped dart hits you.
You are poisoned.
You have difficulty breathing.
You feel yourself slow down.
You feel very sick.
The kobold brigand hits you with a +0 short sword!
The kobold brigand barely misses you.
You hit the kobold brigand.
The kobold brigand begins to glow.
The kobold brigand is lightly wounded.
You feel very sick. The kobold brigand closely misses you.
You are too injured to fight recklessly!
You are too injured to fight recklessly!
You hit the kobold brigand.
The kobold brigand glows dangerously bright.
The kobold brigand is lightly wounded.
You feel sick.
The kobold brigand hits you with a +0 short sword!
* * * LOW HITPOINT WARNING * * *
The kobold brigand misses you.
It was a potion of degeneration.
There was something very wrong with that liquid.
You feel weakened.
You feel dopey.
You feel clumsy.
You feel sick. The kobold brigand misses you.
You hit the kobold brigand but do no damage.
The kobold brigand shudders as magic cascades through it!!
The kobold brigand twists and deforms.
The kobold brigand is almost dead.
You feel sick.
The kobold brigand hits you with a +0 short sword!
You die...

.. #. ##. ..
##.## #.......#
#...## #.......#
#.K..# #.......#
### #..p.#
#.......# ..##
####.# #.......#
...## #.#
#.......# ##..##
#.####.......##
.##..#
#.#...†.......#
..#..#
#...###...###.#
..#..#
##..###...###.#
..#..#########
#.)#.......#.#
.##..#>......#
#..#..#.##.#.###


You could see a kobold brigand (misshapen).

Vanquished Creatures
  Terence (D:2)
  Jessica (D:3)
  Natasha (twice) (D:2)
  5 adders
  A dart slug (D:1)
  A ribbon worm (D:2)
  4 ball pythons
  7 endoplasms
  A giant cockroach (D:2)
  5 goblins
  3 hobgoblins
  2 kobolds (D:1)
  3 quokkas
  6 bats
  2 frilled lizards
  3 rats
47 creatures vanquished.

Notes
Turn   | Place    | Note
-------+----------+-------------------------------------------
     0 | D:1      | Nattfarinn the Merfolk Shapeshifter began the quest for the
                  | Orb.
     0 | D:1      | Reached XP level 1. HP: 15/15 MP: 1/1
    67 | D:1      | Found a faded altar of an unknown god.
   286 | D:1      | Reached XP level 2. HP: 20/21 MP: 2/2
   572 | D:1      | Reached skill level 5 in Shapeshifting
  1279 | D:2      | Reached XP level 3. HP: 26/26 MP: 3/3
  1513 | D:2      | Noticed Terence
  1523 | D:2      | Killed Terence
  1534 | D:2      | Reached skill level 6 in Shapeshifting
  1534 | D:2      | Reached XP level 4. HP: 29/32 MP: 4/4
  1767 | D:2      | Noticed Natasha
  1776 | D:2      | Killed Natasha
  2209 | D:2      | Noticed Natasha
  2216 | D:2      | Killed Natasha
  2217 | D:2      | Reached skill level 7 in Shapeshifting
  2217 | D:2      | Reached XP level 5. HP: 24/37 MP: 5/5
  2706 | D:3      | Noticed Jessica
  2715 | D:3      | Killed Jessica
  2879 | D:3      | Noticed a kobold brigand
  2886 | D:3      | Slain by a kobold brigand

Illustrated notes

Levels and vault maps discovered:
D:1:      dpeg_arrival_boxorama, layout_basic, ebering_ecumenical_altar_hall
D:2:      layout_basic, serial_glass, glass_columns_a, glass_columns_c,
          glass_columns_b, glass_columns_a, glass_columns_a, glass_columns_a,
          glass_columns_b, glass_columns_a, glass_columns_a, glass_columns_b,
          uniq_natasha, uniq_terence
D:3:      layout_loops_cross, kennysheep_jessica_study

Skill      XL: |  1  2  3  4  5 |
---------------+----------------+-----
Shapeshifting  | 5 6 7 |  7.1
Fighting       | 2 |  2.2
Dodging        | |  2.6
Unarmed Combat | |  3.5

Action                     |  1- 3 |  4- 6 || total
---------------------------+-------+-------++-------
  Melee: Unarmed           |    89 |    94 ||   183
         Punch             |     2 |       ||     2
    Use: Potion            |       |     5 ||     5
 Armour: Animal skin       |    54 |       ||    54
         Skin              |       |    46 ||    46
  Dodge: Dodged            |    47 |    64 ||   111
   Form: Flux              |     1 |       ||     1

Table legend: (Time is in decaauts)
 A = Elapsed time spent in this place.
 B = Non-inter-level travel time spent in this place.
 C = Inter-level travel time spent in this place.
 D = Time resting spent in this place.
 E = Time spent auto-exploring this place.
 F = Levels seen in this place.
 G = Mean time per level.
                   A        B        C        D        E       F      G
               +--------+--------+--------+--------+--------+-----+--------+
         Total |   2875 |   2816 |     59 |    433 |   1998 |   3 |  958.3 |
       Dungeon |   2875 |   2816 |     59 |    433 |   1998 |   3 |  958.3 |
               +--------+--------+--------+--------+--------+-----+--------+

Top non-repeatable levels by time:
     D:1: 1185 daAuts
     D:2: 1128 daAuts
     D:3: 561 daAuts
